 Dungeon Crawl Stone Soup version 0.28.0-53-g5a82cb258f (webtiles) character file.

Game seed: 16499774480333726128

59 nickcage the Gusty (level 3, -15/19 HPs)
             Began as a Deep Elf Air Elementalist on May 25, 2022.
             Killed from afar by Ijyb (21 damage)
             ... with an iceblast
             ... on level 3 of the Dungeon.
             The game lasted 00:04:20 (1944 turns).

nickcage the Gusty (Deep Elf Air Elementalist)      Turns: 1944, Time: 00:04:21

Health: -15/19     AC:  2    Str: 11    XL:     3   Next: 78%
Magic:  6/9        EV: 12    Int: 21    God:
Gold:   89         SH:  0    Dex: 15    Spells: 4/8 levels left

rFire   . . .      SeeInvis .   h - +0 short sword (speed)
rCold   . . .      Faith    .   (no shield)
rNeg    + . .      Spirit   .   a - +0 robe
rPois   .          Reflect  .   (no helmet)
rElec   .          Harm     .   (no cloak)
rCorr   .          Rampage  .   (no gloves)
Will    .....                   (no boots)
Stlth   ++........              (no amulet)
HPRegen 0.06/turn               e - ring of positive energy
MPRegen 0.11/turn               g - +6 ring of strength

@: no status effects
A: no striking features
a: no special abilities


You were on level 3 of the Dungeon.
You visited 1 branch of the dungeon, and saw 4 of its levels.

You collected 89 gold pieces.

Inventory:

Hand Weapons
 c - a +0 whip
 d - a +0 dagger
 h - a +0 short sword of speed (weapon)
Armour
 a - a +0 robe (worn)
Jewellery
 e - a ring of positive energy (left hand)
 g - a +6 ring of strength (right hand)
Wands
 o - a wand of paralysis (7)
Scrolls
 b - a scroll of noise {unknown}
 f - a scroll of blinking {unknown}
 i - a scroll of identify {unknown}
 j - a scroll of teleportation {unknown}
 k - a scroll of holy word {unknown}
 l - a scroll of torment {unknown}
 m - a scroll of magic mapping {unknown}
Potions
 n - a potion of magic {unknown}


   Skills:
 - Level 2.4 Dodging
 - Level 2.4 Stealth
 + Level 3.0 Spellcasting
 - Level 2.0 Conjurations
 * Level 4.4 Air Magic


You had 4 spell levels left.
You knew the following spells:

 Your Spells              Type           Power      Damage    Failure   Level
a - Shock                 Conj/Air       64%        1d7       3%          1
b - Swiftness             Air            21%        N/A       6%          3

Your spell library contained the following spells:

 Spells                   Type           Power      Damage    Failure   Level
 Static Discharge         Conj/Air       16%        N/A       5%          2
 Airstrike                Air            10%        N/A       22%         4


Dungeon Overview and Level Annotations

Branches:
Dungeon (4/15)
 Temple: D:4-7

Altars:

Annotations:
D:3 Ijyb


Message History

Ijyb is lightly wounded.
Ijyb shouts!
The zap hits Ijyb.
Ijyb is moderately wounded.
The zap hits Ijyb.
Ijyb is moderately wounded.
The zap hits Ijyb.
Ijyb is heavily wounded.
Ijyb zaps a wand.
The mass of ice explodes!
The iceblast engulfs you!
Ouch! That really hurt!
* * * LOW HITPOINT WARNING * * *
There is a stone staircase leading down here.
You climb downwards.
There is a stone staircase leading up here.
You start resting.
Magic restored.
You start resting.
HP restored.
You climb upwards.
Level annotation: Ijyb
There is a stone staircase leading down here.
The zap hits Ijyb but does no damage.
The zap hits Ijyb but does no damage.
Ijyb hits you with a +0 dagger.
Ijyb zaps a wand.
The mass of ice explodes!
The iceblast engulfs you!
Ouch! That really hurt!
You are too injured to fight recklessly!
Aiming: Shock (safe; 3% risk of failure)
Press: ? - help, Q - select action, (/) - cycle Shift-Dir - straight line, f/p - Ijyb
Aim: Ijyb, wielding a +0 dagger, wearing a +0 leather armour and carrying a wand of iceblast (2) (64% to hit)
The zap misses Ijyb. x2
Aiming: Shock (safe; 3% risk of failure)
Press: ? - help, Q - select action, (/) - cycle Shift-Dir - straight line, f/p - Ijyb
Aim: Ijyb, wielding a +0 dagger, wearing a +0 leather armour and carrying a wand of iceblast (2) (64% to hit)
That beam is likely to hit you.
Continue anyway?
Okay, then.
Ijyb barely misses you.
Ijyb zaps a wand.
The mass of ice explodes!
The iceblast engulfs you!!
Ouch! That really hurt!
You die...

.....#..(.##.# .....#..##.#
...#..##<# ##.#..##.###
#.[........# #
#.<...##.###.# ##
#......#.##..#####..##
#....#..##..........g##
........#.@'...⌠..<..⌠....
.........#..##.......:...##
).........#.g.##..#####..##
..........#..>###.# ##
############### #


You could see Ijyb.

Vanquished Creatures
  An adder (D:2)
  3 dart slugs (D:1)
  5 ball pythons
  5 bats
  4 endoplasms
  4 goblins
  4 hobgoblins
  5 jackals (D:1)
  3 frilled lizards
  3 kobolds
  3 rats
40 creatures vanquished.

Notes
Turn   | Place    | Note
-------+----------+-------------------------------------------
     0 | D:1      | nickcage the Deep Elf Air Elementalist began the quest for
                  | the Orb.
     0 | D:1      | Reached XP level 1. HP: 10/10 MP: 6/6
   260 | D:1      | Reached XP level 2. HP: 15/15 MP: 6/8
   511 | D:1      | Reached skill level 4 in Air Magic
   520 | D:1      | Reached XP level 3. HP: 19/19 MP: 0/9
   695 | D:1      | Learned a level 3 spell: Swiftness
  1584 | D:3      | Noticed Ijyb
  1944 | D:3      | Killed from afar by Ijyb

Illustrated notes

Levels and vault maps discovered:
D:1:      matt_arrival_refuge, layout_basic
D:2:      layout_rooms, mrwooster_statue_mirror, grunt_ministairs_7,
          moated_statue, hex_medium, grunt_decor_fettered, minivault_26
D:3:      layout_basic, hangedman_ru_absence, grunt_ashenzari_visionary
          [grunt_ashenzari_visionary_swamp, grunt_ashenzari_visionary_snake],
          serial_shops, nicolae_shop_overgrown_old_shop, shop,
          grunt_ministairs_15, uniq_ijyb
D:4:      layout_loops_ring, serial_shops, kennysheep_mini_moat, uniq_natasha

Skill      XL: |  1  2  3 |
---------------+----------+-----
Air Magic      | 4 |  4.4
Conjurations   | 2 |  2.0
Dodging        | |  2.4
Stealth        | |  2.4
Spellcasting   | |  3.0

Action                   || total
-------------------------++-------
Melee: Dagger            ||     1
 Cast: Shock             ||    76
Armor: Robe              ||     5
Dodge: Dodged            ||     4
